 Dungeon Crawl Stone Soup version 0.24.0-123-gd5b16e6ec5 (webtiles) character file.

Game seed: 10449526387683109124, levelgen mode: deterministic

8191 Notrik the Protected (level 11, 0/99 HPs)
             Began as a Minotaur Fighter on Feb 2, 2020.
             Was a High Priest of Okawaru.
             Slain by Snorg (20 damage)
             ... on level 10 of the Dungeon.
             The game lasted 00:31:20 (10779 turns).

Notrik the Protected (Minotaur Fighter)            Turns: 10779, Time: 00:31:21

Health: 0/99       AC: 24    Str: 23    XL:     11   Next: 6%
Magic:  0/19       EV:  7    Int:  8    God:    Okawaru [*****.]
Gold:   371        SH:  0    Dex: 11    Spells: 10/10 levels left

rFire    . . .     SeeInvis .   B - +3 battleaxe (vamp) {!w}
rCold    . . .     Gourm    .   (shield currently unavailable)
rNeg     . . .     Faith    .   n - +0 plate armour
rPois    .         Spirit   +   N - +2 hat {Int+3}
rElec    .         Reflect  .   T - +2 cloak {+Inv}
rCorr    +         Harm     .   R - +0 pair of gloves
MR       .....                  w - +0 pair of boots {Fly}
Stlth    ..........             H - amulet of guardian spirit
HPRegen  0.26/turn              P - ring of resist corrosion
MPRegen  0.16/turn              A - ring of magical power

@: lethally poisoned (0 -> -3), about to teleport
A: retaliatory headbutt, horns 2
a: Heroism, Finesse, Renounce Religion, Evoke Invisibility, Evoke Flight


You were on level 10 of the Dungeon.
You worshipped Okawaru.
Okawaru was extremely pleased with you.
You were full.

You visited 1 branch of the dungeon, and saw 10 of its levels.
You also visited: Ossuary.

You collected 618 gold pieces.
You spent 247 gold pieces at shops.

Inventory:

Hand Weapons
 a - a +0 war axe
 f - a +0 short sword of speed
   (You found it on level 1 of the Dungeon)
 B - a +3 vampiric battleaxe (weapon) {!w}
   (You bought it in a shop on level 4 of the Dungeon)
 M - the cursed +2 spear "Eczahylu" {venom, SInv, unknown}
   (You found it on level 9 of the Dungeon)

   It poisons the flesh of those it strikes.
   It lets you see invisible.
   It has a curse placed upon it.
Missiles
 Q - a throwing net (quivered) {!f}
Armour
 b - a +0 scale mail
 c - a +1 shield
 n - a +0 plate armour (worn)
   (You found it on level 8 of the Dungeon)
 w - a +0 pair of boots of flying (worn)
   (You found it on level 3 of the Dungeon)
 L - a +0 large shield
   (You found it on level 8 of the Dungeon)
 N - a +2 hat of intelligence (worn)
   (You took it off Gastronok on level 8 of the Dungeon)
 R - a +0 pair of gloves (worn)
   (You found it on level 10 of the Dungeon)
 T - a +2 cloak of invisibility (worn)
   (Okawaru gifted it to you on level 9 of the Dungeon)
Jewellery
 p - an uncursed ring of stealth
   (You found it on level 2 of the Dungeon)
 A - a ring of magical power (right hand)
   (You found it on level 6 of the Dungeon)
 H - an amulet of guardian spirit (around neck)
   (You found it in an ossuary)
 P - a ring of resist corrosion (left hand)
   (You found it on level 9 of the Dungeon)
Wands
 v - a wand of digging (2)
   (You found it on level 8 of the Dungeon)
Scrolls
 g - 6 scrolls of remove curse {@r2}
 i - 2 scrolls of enchant armour
 m - 2 scrolls of random uselessness
 o - 3 scrolls of teleportation {@r4}
 q - a scroll of noise {unknown}
 t - 2 scrolls of fog
 x - a scroll of blinking {unknown}
 y - 3 scrolls of magic mapping
 z - a scroll of fear {unknown}
 C - a scroll of vulnerability {unknown}
 D - a scroll of immolation {unknown}
 E - a scroll of enchant weapon {unknown}
 J - 5 scrolls of identify {@r1}
 S - a scroll of torment {unknown}
Potions
 d - 3 potions of might
 h - 2 potions of resistance {unknown}
 j - 3 potions of curing {@q1}
 k - 3 potions of lignification {unknown}
 l - 2 potions of flight
 r - 2 potions of degeneration {!q}
 s - 2 potions of invisibility {unknown}
 u - 3 potions of agility
 F - a potion of berserk rage {unknown}
 G - 2 potions of mutation {unknown}
 I - 5 potions of haste {unknown}
 K - a potion of heal wounds {@q2}
 O - a potion of brilliance {unknown}
Comestibles
 e - 7 rations {!d}
 U - 7 chunks of flesh


   Skills:
 + Level 9.9 Fighting
 + Level 9.5 Axes
 * Level 13.0 Armour
 + Level 9.9 Shields


You had 10 spell levels left.
You didn't know any spells.
Your spell library contained the following spells:

 Spells                   Type           Power        Failure   Level  Hunger
 Cause Fear               Hex            #.........   100%        4    #####..
 Silence                  Hex/Air        #.........   100%        5    ######.
 Yara's Violent Unravell  Hex/Tmut       #.........   100%        5    ######.
 Deflect Missiles         Chrm/Air       #.........   100%        6    #######
 Discord                  Hex            #.........   100%        8    #######


Dungeon Overview and Level Annotations

Branches:
Dungeon (10/15)            Temple (0/1) D:7         Ossuary (visited)
   Lair: D:8-11         Orc: D:9-12

Altars:
Cheibriados
Elyvilon
Fedhas
Hepliaklqana
Kikubaaqudgha
Makhleb
Nemelex Xobeh
Okawaru
Qazlal
Sif Muna
Vehumet
Wu Jian
Xom
The Shining One

Shops:
D:4 (   D:6 (

Annotations:
D:10 Snorg


Innate Abilities, Weirdness & Mutations

You reflexively headbutt those who attack you in melee.
You have a pair of horns on your head.


Message History

The soldier ant stings you but does no damage.
Snorg bites you. Snorg claws you. Snorg claws you but does no damage.
You slice Snorg!!
You feel better.
Your headbutt misses Snorg.
You hit the soldier ant but do no damage.
Snorg bites you but does no damage. Snorg barely misses you. Snorg claws you!
The soldier ant stings you.
You are poisoned.
The soldier ant poisons you! Snorg barely misses you. You furiously retaliate!
You headbutt Snorg. Snorg claws you!
* * * LOW HITPOINT WARNING * * *
Snorg claws you but does no damage.
You are too injured to fight recklessly!
Unknown command.
You are too injured to fight recklessly!
You are too injured to fight recklessly!
You are too injured to fight recklessly!
Unknown command.
You are too injured to fight recklessly!
You are too injured to fight recklessly!
You are too injured to fight recklessly!
You are too injured to fight recklessly!
You are too injured to fight recklessly!
You barely miss the soldier ant. Your headbutt misses the soldier ant.
You hit Snorg.
You feel better.
You feel sick. Snorg bites you.
* * * LOW HITPOINT WARNING * * *
Snorg claws you but does no damage. Snorg claws you.
* * * LOW HITPOINT WARNING * * *
The soldier ant closely misses you. Snorg bites you!
* * * LOW HITPOINT WARNING * * *
Snorg claws you but does no damage. x2; The soldier ant closely misses you.
You furiously retaliate!
You headbutt the soldier ant, but do no damage.
You feel much better. Snorg bites you!
* * * LOW HITPOINT WARNING * * *
Snorg barely misses you. Snorg claws you!
* * * LOW HITPOINT WARNING * * *
The soldier ant stings you but does no damage.
You feel sick. Snorg bites you.
* * * LOW HITPOINT WARNING * * *
Snorg claws you but does no damage. x2
As you read the scroll of teleportation {@r4}, it crumbles to dust.
You feel strangely unstable.
You feel sick. Snorg bites you!
* * * LOW HITPOINT WARNING * * *
Snorg barely misses you. Snorg claws you!
* * * LOW HITPOINT WARNING * * *
You feel much better. Snorg bites you but does no damage.
Snorg claws you but does no damage. Snorg claws you!
* * * LOW HITPOINT WARNING * * *
Snorg bites you!!
You die...

#. #.#### ...... ..
#.#... #.# #.## #.#
.## #. #.# ....#.##
#.#########........oo.
#.##.@Ta.......###...o
#.#.###o###..#........
#..## #.. ........
#..# .## #.##....
##.## .## # #.###
#..###.... #. ###
###.#....####. # ...
..###........ #..
#.#.#.#######.


You could see Snorg (berserk), a soldier ant and an orc.

Vanquished Creatures
  Gastronok (D:8)
  Erica (D:8)
  A merfolk (D:9)
  A hornet (D:9)
  A troll (D:10)
  Sigmund (D:2)
  4 yaks (D:10)
  Grum (D:8)
  A water moccasin (D:10)
  2 orc warriors
  A hornet zombie (D:8)
  2 sky beasts
  2 phantoms
  2 black bears
  An ice beast (D:10)
  A wolf (D:8)
  5 centaurs
  4 ogres
  A crocodile (D:7)
  8 scorpions
  5 wights
  A killer bee (D:9)
  A crimson imp (D:10)
  2 bullfrog zombies
  5 centaur zombies
  A centaur skeleton (D:8)
  8 human zombies (Ossuary)
  8 orc priests
  5 hounds
  A jelly (D:9)
  5 iguanas
  Natasha (twice) (D:2)
  7 orc wizards
  A worker ant (D:6)
  2 big kobold zombies (Ossuary)
  A hound zombie (D:6)
  3 mummies (Ossuary)
  A hound skeleton (D:7)
  3 worker ant zombies
  3 gnolls (D:6)
  8 adders
  4 scorpion zombies (Ossuary)
  A shadow imp (D:10)
  2 oozes
  4 worms
  2 dart slugs
  5 leopard geckos
  20 orcs
  A gnoll zombie (Ossuary)
  6 hobgoblins
  19 jackals
  5 kobolds
  5 quokkas
  A ball python (D:1)
  4 bats
  6 frilled lizards
  6 goblins
  A hobgoblin zombie (Ossuary)
  A kobold zombie (Ossuary)
  A leopard gecko skeleton (D:4)
  7 rats
  3 plants (D:4)
218 creatures vanquished.

Vanquished Creatures (others)
  A wolf (D:8)
  A bullfrog (D:8)
2 creatures vanquished.

Grand Total: 220 creatures vanquished

Notes
Turn   | Place    | Note
-------+----------+-------------------------------------------
     0 | D:1      | Notrik the Minotaur Fighter began the quest for the Orb.
     0 | D:1      | Reached XP level 1. HP: 19/19 MP: 0/0
    96 | D:1      | Reached XP level 2. HP: 27/27 MP: 1/1
   106 | D:1      | Reached skill level 4 in Armour
   481 | D:2      | Reached XP level 3. HP: 33/33 MP: 2/2
   780 | D:2      | Noticed Sigmund
   799 | D:2      | Killed Sigmund
   799 | D:2      | Reached skill level 5 in Armour
   799 | D:2      | Reached XP level 4. HP: 18/41 MP: 3/3
   799 | D:2      | Reached XP level 5. HP: 21/47 MP: 4/4
  1075 | D:2      | Noticed Natasha
  1104 | D:2      | Killed Natasha
  1137 | D:2      | Noticed Natasha
  1142 | D:2      | Killed Natasha
  1248 | D:2      | Reached XP level 6. HP: 52/55 MP: 5/5
  1348 | D:3      | Found a hazy altar of Hepliaklqana.
  1433 | D:3      | Reached skill level 5 in Shields
  1443 | D:3      | Reached skill level 5 in Fighting
  1443 | D:3      | Reached skill level 6 in Armour
  2235 | D:4      | Found a radiant altar of Vehumet.
  2326 | D:4      | Found a snail-covered altar of Cheibriados.
  2832 | D:4      | Reached XP level 7. HP: 53/61 MP: 6/6
  2903 | D:4      | Found Toeggidd's Antique Weapon Shoppe.
  3220 | D:4      | Bought a runed battleaxe for 247 gold pieces
  3252 | D:5      | Entered Level 5 of the Dungeon
  3506 | D:4      | Reached skill level 7 in Armour
  3884 | D:5      | Found an iron altar of Okawaru.
  3902 | D:5      | Became a worshipper of Warmaster Okawaru
  4173 | D:5      | Reached skill level 5 in Axes
  4697 | D:6      | Found Ifag Qesk's Antique Weapon Emporium.
  4735 | D:6      | Found a sand-covered staircase.
  4751 | Ossuary  | Entered an ossuary
  4877 | Ossuary  | Reached * piety under Okawaru
  4877 | Ossuary  | Reached XP level 8. HP: 52/70 MP: 7/7
  5142 | Ossuary  | Reached skill level 8 in Armour
  5446 | Ossuary  | Reached skill level 9 in Armour
  5678 | Ossuary  | Reached ** piety under Okawaru
  6453 | D:6      | Found a stormy altar of Qazlal.
  6931 | D:7      | Found a glowing golden altar of the Shining One.
  6946 | D:7      | Reached XP level 9. HP: 67/79 MP: 8/8
  7077 | D:7      | Found an ornate altar of the Wu Jian Council.
  7077 | D:7      | Found a burning altar of Makhleb.
  7077 | D:7      | Found an iron altar of Okawaru.
  7077 | D:7      | Found a shimmering blue altar of Sif Muna.
  7083 | D:7      | Found a blossoming altar of Fedhas.
  7086 | D:7      | Found a white marble altar of Elyvilon.
  7507 | D:7      | Reached skill level 10 in Armour
  7879 | D:7      | Found a staircase to the Ecumenical Temple.
  7960 | D:8      | Reached *** piety under Okawaru
  8049 | D:8      | Found a shimmering altar of Xom.
  8058 | D:8      | Noticed Erica
  8079 | D:8      | Paralysed by something for 6 turns
  8089 | D:8      | Found a sparkling altar of Nemelex Xobeh.
  8426 | D:8      | Noticed Gastronok
  8442 | D:8      | Killed Gastronok
  8442 | D:8      | Reached **** piety under Okawaru
  8442 | D:8      | Reached skill level 11 in Armour
  8442 | D:8      | Reached XP level 10. HP: 80/90 MP: 9/9
  8520 | D:8      | Noticed Grum
  8529 | D:8      | Killed Grum
  8555 | D:8      | Killed Erica
  8555 | D:8      | Reached skill level 12 in Armour
  8952 | D:9      | Found an ancient bone altar of Kikubaaqudgha.
  9047 | D:9      | Found an ancient bone altar of Kikubaaqudgha.
  9053 | D:9      | Paralysed by a hornet for 3 turns
  9057 | D:9      | Paralysed by a hornet for 2 turns
  9059 | D:9      | Paralysed by a hornet for 2 turns
  9063 | D:9      | Reached ***** piety under Okawaru
  9620 | D:9      | Got a bloodstained spear
 10050 | D:9      | Received a gift from Okawaru
 10226 | D:10     | Entered Level 10 of the Dungeon
 10318 | D:10     | Noticed Snorg
 10730 | D:10     | Reached XP level 11. HP: 90/99 MP: 10/10
 10736 | D:10     | Reached skill level 13 in Armour
 10778 | D:10     | HP: 1/99 [Snorg (7)]
 10779 | D:10     | Slain by Snorg

Levels and vault maps discovered:
D:1:      kennysheep_arrival_forest, layout_basic
D:2:      minmay_wonky_spiral, layout_basic, uniq_natasha, uniq_sigmund
D:3:      layout_basic, overflow_temple_1_default, first_ration
D:4:      layout_basic, kennysheep_mini_moat, lemuel_crystal_altar,
          serial_shops, nicolae_shop_overgrown_old_shop
D:5:      layout_layer_cave, okawaru_ov_weapons_minmay
D:6:      layout_cave_pods, lemuel_crystal_altar, enter_ossuary_3, serial_shops,
          nicolae_shop_behind_doors
D:7:      layout_loops_corners, tso_metal_star, minmay_overflow_temple_hex,
          minmay_temple_entry_enclosed_plants
D:8:      layout_gridville, lemuel_round_altar, basic_altar, uniq_grum,
          uniq_erica, uniq_gastronok
D:9:      layout_cave_pods, kiku_gazebo_pond_becter, basic_altar,
          hangedman_fish_farm, grunt_ministairs_11, hangedman_decor_peaks_small,
          onia_ninara_dug_in_and_dangerous
D:10:     layout_loops_ring, uniq_snorg

Skill      XL: |  1  2  3  4  5  6  7  8  9 10 11 |
---------------+----------------------------------+-----
Armour         | 4 5 6 7 9 11 12 13 | 13.0
Shields        | 4 5 6 7 8 9 |  9.9
Fighting       | 4 5 6 7 8 9 |  9.9
Axes           | 3 4 5 6 8 9 |  9.5

Action                   |  1- 3 |  4- 6 |  7- 9 | 10-12 || total
-------------------------+-------+-------+-------+-------++-------
Melee: Short sword       |    79 |   181 |    34 |       ||   294
       Headbutt          |     9 |    31 |    72 |    42 ||   154
       Battleaxe         |       |       |   262 |   188 ||   450
       War axe           |       |       |    22 |       ||    22
 Abil: Stop Flying       |       |       |     1 |       ||     1
Evoke: Wand              |       |       |       |     1 ||     1
  Use: Scroll            |       |     5 |    10 |     3 ||    18
       Potion            |       |       |     1 |     2 ||     3
  Eat: Chunk             |       |     6 |     5 |     2 ||    13
       Ration            |       |       |     4 |     3 ||     7
Armor: Scale mail        |    30 |    68 |   137 |       ||   235
       Plate armour      |       |       |     6 |   178 ||   184
Dodge: Dodged            |    14 |    44 |   128 |    99 ||   285
Block: Shield            |    40 |    84 |     6 |       ||   130
